 Dungeon Sprint DCSS version 0.20.1-1-g8b1a95d (webtiles) character file.

120 potatolord6000 the Caller (level 4, 0/24 HPs)
             Began as a Deep Elf Summoner on Aug 29, 2017.
             Was a Follower of Sif Muna.
             Slain by a wolf (3 damage)
             ... in the Dungeon (Sprint VII: "The Pits").
             The game lasted 00:02:22 (209 turns).

potatolord6000 the Caller (Deep Elf Summoner)        Turns: 209, Time: 00:02:23

Health: 0/24       AC:  2    Str:  5    XL:     4   Next: 75%
Magic:  10/14      EV: 13    Int: 21    God:    Sif Muna [*.....]
Gold:   0          SH:  0    Dex: 15    Spells: 2/16 levels left

rFire    . . .     SeeInvis .   j - +2 dagger
rCold    . . .     Gourm    .   (no shield)
rNeg     . . .     Faith    .   a - +0 robe
rPois    .         Spirit   .   (no helmet)
rElec    .         Reflect  .   (no cloak)
rCorr    .         Harm     .   (no gloves)
MR       .....     NoTele   +   (no boots)
Stlth    +++.......             (no amulet)
Regen    0.1/turn               (no ring)
MPRegen  0.2/turn               (no ring)

@: very slightly contaminated, invisible
A: no striking features
a: Divine Energy, Renounce Religion


You were in the Dungeon.
You worshipped Sif Muna.
Sif Muna was aware of your devotion.
You were not hungry.

You visited 1 branch

Inventory:

Hand Weapons
 j - a +2 dagger (weapon)
Armour
 a - a +0 robe (worn)
Scrolls
 l - 3 scrolls of remove curse
 m - 5 scrolls of amnesia
 n - a scroll of summoning
Potions
 d - a potion of curing
 f - a potion of haste
 g - 3 potions of magic
 h - 3 potions of berserk rage
 k - a potion of invisibility
Books
 b - a book of Callings

   Spells                             Type                      Level
   a - Summon Small Mammal            Summoning                    1
   b - Call Imp                       Summoning                    2
   c - Call Canine Familiar           Summoning                    3
   d - Summon Guardian Golem          Hexes/Summoning              3
   e - Summon Lightning Spire         Summoning/Air                4
   f - Summon Ice Beast               Ice/Summoning                4
Comestibles
 c - 8 bread rations
 o - 40 fruits
 p - 7 meat rations


   Skills:
 - Level 2.7 Dodging
 + Level 6.5 Stealth
 + Level 6.7 Spellcasting
 + Level 6.8 Summonings
 + Level 5.0 Invocations


You had 2 spell levels left.
You knew the following spells:

 Your Spells              Type           Power        Failure   Level  Hunger
a - Summon Small Mammal   Summ           ####         1%          1    None
b - Call Imp              Summ           #####...     1%          2    None
c - Summon Ice Beast      Ice/Summ       ###.....     22%         4    ###....
d - Summon Lightning Spi  Summ/Air       ###.....     22%         4    ###....
e - Summon Guardian Gole  Hex/Summ       ###.....     7%          3    #......


Dungeon Overview and Level Annotations

Branches:
Dungeon (1/1)

Altars:
Ashenzari
Cheibriados
Dithmenos
Elyvilon
Fedhas
Gozag
Hepliaklqana
Kikubaaqudgha
Makhleb
Nemelex Xobeh
Okawaru
Qazlal
Ru
Sif Muna
Trog
Uskayaw
Vehumet
Xom
Yredelemnul
Zin
The Shining One
Beogh
Jiyva
Lugonu


Message History

The wolf bites you! The wolf bites you but does no damage.
There is an open door, spattered with blood here.
There's a creature in the doorway!
The wolf closely misses you. The wolf bites you. The wolf bites you!
* * * LOW HITPOINT WARNING * * *
Okay, then.
Blink to where?
Press: ? - help, Dir - move target cursor
As you read the scroll of blinking, it crumbles to dust.
Magic courses through your body.
Casting: Summon Ice Beast
Confirm with . or Enter, or press ? or * to list all spells.
Okay, then.
Casting: Summon Ice Beast
Confirm with . or Enter, or press ? or * to list all spells.
A chill wind blows around you.
Your ice beast barely misses the wolf.
The wolf bites you.
You die...

########## ________.#
________.#
_.____...###########++#
########'##.............
?(.')))'.##......#..#...
########.##.............
.........†'....h@.......
#####'#####..Y...#..#...
#....5##............
#####'#####+#####++##
#.5.5.##.......#
#.....##.......#
###Z####.......#
#....r##...<...#
........##.......#


You could see a wolf and a friendly ice beast.

Vanquished Creatures
  A floating eye (D)
  An adder zombie (D)
2 creatures vanquished.

Vanquished Creatures (collateral kills)
  A worker ant (D)
  A ball python (D)
  A bat skeleton (D)
3 creatures vanquished.

Grand Total: 5 creatures vanquished

Notes
Turn   | Place    | Note
-------+----------+-------------------------------------------
     0 | D        | potatolord6000 the Deep Elf Summoner began the quest for the Orb.
     0 | D        | Reached XP level 1. HP: 10/10 MP: 6/6
    54 | D        | Found a bloodstained altar of Trog.
    54 | D        | Found a deep blue altar of Sif Muna.
    54 | D        | Found a viscous altar of Jiyva.
    54 | D        | Found a hazy altar of Hepliaklqana.
    54 | D        | Found an opulent altar of Gozag.
    55 | D        | Found a glowing golden altar of the Shining One.
    55 | D        | Found a glowing silver altar of Zin.
    55 | D        | Found a basalt altar of Yredelemnul.
    55 | D        | Found a shimmering altar of Xom.
    55 | D        | Found a sacrificial altar of Ru.
    55 | D        | Found a stormy altar of Qazlal.
    55 | D        | Found an iron altar of Okawaru.
    55 | D        | Found a sparkling altar of Nemelex Xobeh.
    55 | D        | Found a burning altar of Makhleb.
    55 | D        | Found a blossoming altar of Fedhas.
    55 | D        | Found a white marble altar of Elyvilon.
    55 | D        | Found a shadowy altar of Dithmenos.
    55 | D        | Found a snail-covered altar of Cheibriados.
    58 | D        | Found a corrupted altar of Lugonu.
    58 | D        | Found a radiant altar of Vehumet.
    58 | D        | Found a roughly hewn altar of Beogh.
    59 | D        | Found an ancient bone altar of Kikubaaqudgha.
    59 | D        | Found a hide-covered altar of Uskayaw.
    59 | D        | Found a shattered altar of Ashenzari.
    60 | D        | Became a worshipper of Sif Muna the Loreminder
    77 | D        | Noticed a worker ant
    86 | D        | Killed a worker ant
    86 | D        | Reached skill level 5 in Summonings
    86 | D        | Reached XP level 2. HP: 15/15 MP: 2/9
    90 | D        | Learned a level 2 spell: Call Imp
    99 | D        | Noticed a floating eye
   104 | D        | Killed a floating eye
   104 | D        | Reached * piety under Sif Muna
   104 | D        | Reached XP level 3. HP: 19/19 MP: 4/13
   104 | D        | Reached XP level 4. HP: 24/24 MP: 4/14
   110 | D        | Learned a level 4 spell: Summon Ice Beast
   115 | D        | Learned a level 4 spell: Summon Lightning Spire
   119 | D        | Learned a level 3 spell: Summon Guardian Golem
   180 | D        | Reached skill level 5 in Invocations
   185 | D        | Noticed a wolf
   209 | D        | Slain by a wolf

Skill      XL: |  1  2  3  4 |
---------------+-------------+-----
Stealth        | 3 6 |  6.5
Spellcasting   | 4 6 |  6.7
Summonings     | 5 6 |  6.8
Invocations    | 2 4 5 |  5.0
Dodging        | |  2.7

Action                   |  1- 3 |  4- 6 || total
-------------------------+-------+-------++-------
Melee: Dagger            |     2 |     2 ||     4
 Cast: Summon Small Mamm |     9 |       ||     9
       Call Imp          |       |     4 ||     4
       Summon Ice Beast  |       |     1 ||     1
  Use: Potion            |       |     3 ||     3
       Scroll            |       |     1 ||     1
 Stab: Sleeping          |     1 |     1 ||     2
Armor: Robe              |       |     2 ||     2
Dodge: Dodged            |     1 |    12 ||    13
